Unix NetHack Version 5.0.0-0 post-release - last build May 17 2026 04:57:42 (dc50c8380fa5e20985bfe3072449f57b8d9895ef,branch:main).

Game began 2026-05-19 12:41:00, ended 2026-05-19 19:36:11.

Ch3Begorrah, lawful male human Rogue

                                                                     ---------
                        -----------                                  |.......|
           ------       |..........#                            #####........|
           |....|       |.._.....`. #    --------------         #    |.......|
          #-....-#      |..[.....)) #    |............0|        #    |.(.....|
          #|....|#     #-..........%#   #+...%.........|     ####   #.<......|
          #|....|#     #-------..-.## ###%%..%.*.......|    ##      #---------
          #-.----#     #       #    #)# #-----..-|------            #
          ####   #    ##       #     #  #   ####                  ###
            ##   #   ##        #     #*##   #    ###           ##@f
            ##   ########  ###################   ###   ######(###u##
            ######   #       ##  ## ##--.-|------ #  ---|-   ###
             #   0   ##      #       #|.........%####|..*|   # #
             #   ##         ##        |.........|   0.[..-#### #
 ------------#  ##-------.--.-        ..........|    |`..|     #
 |..........|# ###|..........|        |....>....|    -.---     #
 |....._.....### #|...........###     -------....     #   0###########)#[####
 |..........|    #-..........|                                   $
 ------------     ------------

Ch3Begorrah the Rogue   St:16 Dx:18 Co:17 In:11 Wi:12 Ch:7  Lawful
Dlvl:9  $:181 HP:0(45) Pw:38(38) AC:2  Xp:8 T:6588 

Latest messages:
 b - 4 +0 daggers (at the ready) (7 in total).
 What do you want to use or apply? [adegln-qsvBDFS-U or ?*] e
 In what direction? .
 There is a large box here; lock it? [ynq] (q) q
 The large box is empty.
 b - 2 +0 daggers (at the ready) (9 in total).
 You climb up the stairs.
 What do you want to zap? [adn-pBFS or ?*] S
 In what direction? h
 Your horse turns into a kitten!
 You see here a statue of a kobold.
 You descend the stairs.
 Your large cat eats a water nymph corpse.
 You are carrying too much to get through.
 You find a hidden passage.
 You stop.  Your large cat is in the way!
 You swap places with your large cat.
 You swap places with your large cat.
 You swap places with your large cat.
 The large cat picks up a mirror.
 The gray unicorn butts!
 The gray unicorn kicks!
 The gray unicorn butts!
 The gray unicorn kicks!
 In what direction? j
 You throw 3 daggers.
 The 1st dagger hits the gray unicorn.
 The 2nd dagger hits the gray unicorn!
 The 3rd dagger hits the gray unicorn.
 The large cat misses the gray unicorn.
 The gray unicorn butts!
 The gray unicorn kicks!
 In what direction? j
 You throw 2 daggers.
 The 1st dagger hits the gray unicorn!
 The 2nd dagger hits the gray unicorn.
 The large cat bites the gray unicorn.
 The gray unicorn misses the large cat.
 The gray unicorn hits the large cat.
 The gray unicorn butts!
 The gray unicorn kicks!
 In what direction? j
 You throw 2 daggers.
 The 1st dagger hits the gray unicorn.
 The 2nd dagger hits the gray unicorn.
 The large cat misses the gray unicorn.
 The gray unicorn misses!
 The gray unicorn kicks!
 You die...
 Do you want your possessions identified? [ynq] (y) q

Inventory:
 Coins    ('$')
  $ - 181 gold pieces
 Weapons  (')')
  b - 2 +0 daggers (at the ready)
  c - 2 +0 elven daggers
  Y - a cursed +0 katana (weapon in left hand)
  r - a +0 long sword (alternate weapon; not wielded)
 Armor    ('[')
  A - a cursed +0 helm of opposite alignment (being worn)
  f - an uncursed +0 helmet
  Z - a cursed burnt +0 pair of gauntlets of dexterity (being worn)
  C - a cursed +0 pair of kicking boots (being worn)
  h - an uncursed +0 alchemy smock with text "If you can't stand the heat, get out of Gehennom!"
  L - a cursed +0 cloak of magic resistance (being worn)
  X - an uncursed +0 elven mithril-coat (being worn)
 Comestibles  ('%')
  j - 2 uncursed slime molds
  K - 2 uncursed cram rations
  m - an uncursed food ration
  R - an uncursed fortune cookie
  w - 2 uncursed sprigs of wolfsbane
 Scrolls  ('?')
  G - a blessed scroll of create monster
  O - a blessed scroll of earth
  N - an uncursed scroll of earth
  I - an uncursed scroll of teleportation
 Rings    ('=')
  E - a cursed ring of hunger named cursed
  J - an uncursed ring of poison resistance named cursed
  V - an uncursed ring of poison resistance named ok
  W - a cursed ring of polymorph
  y - an uncursed ring of searching named ok
  M - an uncursed ring of slow digestion named ok
  u - a cursed ring of slow digestion
  z - an uncursed ring of sustain ability
 Wands    ('/')
  p - a wand of cold (0:2)
  a - a wand of create monster (0:13)
  B - a cursed wand of digging (0:4)
  n - a wand of magic missile (0:6)
  d - a cursed wand of magic missile (0:2)
  S - a wand of polymorph (0:2)
  F - a wand of secret door detection (0:11)
  o - a wand of teleportation (0:2)
 Tools    ('(')
  v - a fire horn (0:1)
  D - a cursed leash
  e - an uncursed lock pick named G
  s - a cursed oil lamp (lit)
  q - a +0 pick-axe named ok
  l - a cursed tin opener
  g - an uncursed towel
  U - a +0 unicorn horn
 Gems/Stones  ('*')
  t - 2 uncursed amethyst stones
  i - 3 uncursed obsidian stones
  x - an uncursed worthless piece of black glass
  P - an uncursed worthless piece of blue glass
  k - an uncursed worthless piece of violet glass
  Q - 3 uncursed worthless pieces of white glass
  T - an uncursed luckstone

Ch3Begorrah the Rogue's attributes:

Background:
 You were a Rogue, level 8 male human.
 You were lawful, temporarily on a mission for Issek
 who was opposed by Mog (neutral) and Kos (chaotic).
 You were actually chaotic.
 You were left-handed.
 You were in the Dungeons of Doom, on level 9.
 You entered the dungeon 6588 turns ago.
 There was a new moon in effect when your adventure ended.
 You had 2209 experience points, 351 more were needed to attain level 9.

Basics:
 You had 0 out of 45 hit points.
 You had all 38 energy points (spell power).
 Your armor class was 2.
 Your wallet contained 181 zorkmids.
 Autopickup was on for '$!/(' plus thrown, with exceptions.

Final Characteristics:
 Your strength was 16 (limit:18/100).
 Your dexterity was 18 (limit:18).
 Your constitution was 17 (limit:18).
 Your intelligence was 11 (limit:18).
 Your wisdom was 12 (limit:18).
 Your charisma was 7 (limit:18).

Final Status:
 You weren't hungry.
 You were unencumbered.
 You were wielding a long sword.
 You were unskilled in long sword.

Final Attributes:
 You were devoutly aligned.
 You were magic-protected.
 You were stealthy.
 You were guarded.
 You were fast.
 You were lucky.
 You had extra luck.
 Bad luck did not time out for you.
 Good luck did not time out for you.
 You are dead.

Miscellaneous:
 You encountered 2 bones levels.
 Total elapsed playing time was 1 hour, 43 minutes and 23 seconds.

Major events:
 Turn
    1: Ch3Begorrah the chaotic male human Rogue entered the dungeon
 1198: attained the rank of Cutpurse (level 3)
 1359: entered the Gnomish Mines
 1764: attained the rank of Rogue (level 6)
 4651: entered Sokoban
 4917: completed 1st Sokoban level
 5347: completed 2nd Sokoban level
 6588: killed by a gray unicorn

You didn't know any spells.

Skills:
 Fighting Skills
   bare handed combat [Unskilled]
   two weapon combat  [Unskilled]
   riding             [Unskilled]
 Weapon Skills
   dagger             [Skilled]
   knife              [Unskilled]
   short sword        [Basic]
   broadsword         [Unskilled]
   long sword         [Unskilled]
   two-handed sword   [Unskilled]
   saber              [Unskilled]
   club               [Unskilled]
   mace               [Unskilled]
   morning star       [Unskilled]
   flail              [Unskilled]
   hammer             [Unskilled]
   polearms           [Unskilled]
   spear              [Unskilled]
   crossbow           [Unskilled]
   dart               [Unskilled]
   shuriken           [Unskilled]
 Spellcasting Skills
   divination spells  [Unskilled]
   escape spells      [Unskilled]
   matter spells      [Unskilled]

Voluntary challenges:
 Character rerolling was not enabled.
 You followed a strict vegan diet.
 You never genocided any monsters.
 You never polymorphed an object.
 You never changed form.
 You used no wishes.
 You did not violate any of the special Sokoban rules.
Achievements:
 You entered a shop.
 You attained the rank of Cutpurse.
 You entered the Gnomish Mines.
 You attained the rank of Rogue.
 You entered Sokoban.
 You entered a temple.

 The Dungeons of Doom: levels 1 to 10
    Level 1:
       A fountain.
    Level 2:
       A tool shop, a fountain.
    Level 3:
       A fountain.
    Level 4: "4sb sack"
       Stairs down to The Gnomish Mines.
    Level 5:
       A general store.
    Level 6:
       Some fountains.
    Level 7:
       Many fountains, a grave.
       Final resting place for
          walls-Pri-Elf-Fem-Cha, killed by a jaguar.
    Level 8:
       A general store, many fountains, many trees.
       Stairs up to Sokoban, level 7.
    Level 9: <- You were here.
       A temple and some altars, a grave.
       Final resting place for
          you, killed by a gray unicorn,
          yasdy-Wiz-Hum-Fem-Cha, killed by an invisible dwarf lord.
    Level 10:
 The Gnomish Mines: levels 5 to 7
    Level 5:
    Level 6:
    Level 7:
 Sokoban: levels 7 up to 6
    Level 6:
       Solved.
    Level 7:
       Solved.


Vanquished creatures:
  2 ghosts
  a hezrou
  a large mimic
  a glass piercer
  2 wraiths
  a Grey-elf
  2 giant beetles
  a panther
  a leprechaun
  a scorpion
  a black light
  a rust monster
  a werewolf
  a chickatrice
  a dingo
  a dog
  a jaguar
  3 dwarf leaders
  a blue jelly
  a white unicorn
  a snake
  a human zombie
  a Woodland-elf
  3 fire ants
  7 wood nymphs
  a water nymph
  a mountain nymph
  a rock piercer
  a violet fungus
  3 gnome leaders
  2 gray oozes
 an elf zombie
  5 giant ants
  3 floating eyes
  6 dwarves
  a homunculus
  a kobold leader
  a kobold shaman
  6 rothes
  a rabid rat
  a centipede
  a giant bat
  a wererat
  3 iguanas
  a coyote
  a gas spore
  5 hobbits
  a large kobold
  3 hobgoblins
  3 giant rats
  a cave spider
  a brown mold
  a red mold
 22 gnomes
  4 geckos
  7 jackals
  a goblin
  4 sewer rats
  6 grid bugs
  3 lichens
  2 kobold zombies
  5 newts
149 creatures vanquished.

No species were genocided or became extinct.

Game over:
                       ----------
                      /          \
                     /    REST    \
                    /      IN      \
                   /     PEACE      \
                  /                  \
                  |   Ch3Begorrah    |
                  |      181 Au      |
                  | killed by a gray |
                  |     unicorn      |
                  |                  |
                  |                  |
                  |       2026       |
                 *|     *  *  *      | *
        _________)/\\_//(\/(/\)/\//\/|_)_______

Goodbye Ch3Begorrah the Rogue...

You died in The Dungeons of Doom on dungeon level 9 with 9589 points,
and 181 pieces of gold, after 6588 moves.
You were level 8 with a maximum of 45 hit points when you died.

